 Dungeon Crawl Stone Soup version 0.30.1-9-gdf580d7c3d (webtiles) character file.

Game seed: 11509599851637004768

550 eliilek the Shield-Bearer (level 7, -1/61 HPs)
             Began as a Minotaur Fighter on Sept 28, 2023.
             Killed by divine providence
             ... invoked by an orc priest
              (11 damage)
             ... on level 5 of the Dungeon.
             The game lasted 00:08:26 (3796 turns).

eliilek the Shield-Bearer (Minotaur Fighter)        Turns: 3796, Time: 00:08:27

Health: -1/61      AC:  8    Str: 20    XL:     7   Next: 7%
Magic:  6/6        EV:  9    Int:  5    God:
Gold:   240        SH:  5    Dex: 12    Spells: 6/6 levels left

rFire   + . .        a - +0 flail
rCold   . . .        c - +0 buckler
rNeg    . . .        b - +0 scale mail
rPois   .            (helmet restricted)
rElec   .            g - +0 cloak
rCorr   .            (no gloves)
SInv    +            (no boots)
Will    .....        o - amulet of the acrobat Stlth
                     e - ring of see invisible
HPRegen 0.30/turn    l - ring of protection from fire
MPRegen 0.10/turn

%: acrobat
@: no status effects
A: horns 2, retaliatory headbutt
a: no special abilities


You were on level 5 of the Dungeon.
You visited 1 branch of the dungeon, and saw 5 of its levels.

You collected 240 gold pieces.

Inventory:

Hand Weapons
 a - a +0 flail (weapon)
Missiles
 y - 5 poisoned darts (quivered)
Armour
 b - a +0 scale mail (worn)
 c - a +0 buckler (worn)
 g - a +0 cloak (worn)
Jewellery
 e - a ring of see invisible (left hand)
 l - a ring of protection from fire (right hand)
 o - an amulet of the acrobat (around neck)
 r - a ring of protection from cold
Scrolls
 d - 6 scrolls of teleportation
 f - 3 scrolls of enchant weapon {unknown}
 h - a scroll of acquirement {unknown}
 i - 2 scrolls of fear {unknown}
 j - a scroll of fog {unknown}
 k - a scroll of magic mapping {unknown}
 m - 3 scrolls of poison
 q - a scroll of silence {unknown}
 s - a scroll of amnesia {unknown}
 u - a scroll of noise {unknown}
 w - 2 scrolls of enchant armour {unknown}
Potions
 n - 2 potions of mutation {unknown}
 p - 2 potions of brilliance {unknown}
 t - 2 potions of might
 v - a potion of degeneration {unknown}
 x - a potion of berserk rage


   Skills:
 + Level 5.1 Fighting
 * Level 5.6 Maces & Flails
 + Level 5.1 Armour
 * Level 6.4 Shields


You had 6 spell levels left.
You didn't know any spells.
Your spell library contained the following spells:

 Spells                   Type           Power      Damage    Failure   Level
 Static Discharge         Conj/Air       0%         2-2/arc   95%         2
 Airstrike                Air            0%         2d(0-16)  100%        4
 Summon Lightning Spire   Summ/Air       0%         N/A       100%        4


Dungeon Overview and Level Annotations

Branches:
Dungeon (5/15)
 Temple: D:4-7

Altars:

Annotations:
D:5 1 runed translucent door, laqueoix's ghost, novice DsGl


Innate Abilities, Weirdness & Mutations

You have a pair of horns on your head.
You reflexively headbutt those who attack you in melee.


Message History

You furiously retaliate!
You headbutt the orc wizard. You hit the orc wizard.
You headbutt the orc wizard.
You kill the orc wizard!
The orc priest calls down the wrath of Beogh upon you.
Beogh smites you!
The orc priest invokes the aid of Beogh against you.
Beogh smites you!
You barely miss the gnoll.
A gnoll comes into view. It is wielding a +0 halberd.
The gnoll barely misses you.
The orc priest mumbles some strange prayers to Beogh against you.
Beogh smites you!
The gnoll shouts!
You hit the gnoll.
The gnoll is heavily wounded.
A gnoll bouda comes into view. It is wielding a +0 whip.
The gnoll hits you with a +0 club.
The orc priest calls down the wrath of Beogh upon you.
Beogh smites you!
* * * LOW HITPOINT WARNING * * *
The gnoll bouda shouts!
You sock the gnoll!
You kill the gnoll!
The gnoll bouda barks out a call to the hunt!
The gnoll picks up the pace!
The orc priest hits you with a +0 hand axe.
* * * LOW HITPOINT WARNING * * *
The orc priest attacks as you move away!
The orc priest hits you but does no damage.
A white imp comes into view.
The orc priest invokes the aid of Beogh against you.
Pain shoots through your body!
* * * LOW HITPOINT WARNING * * *
There is a stone staircase leading up, spattered with blood here.
Things that are here:
a +0 club; a gnoll corpse The white imp shouts, "Slither home, thou worthless tickle-brained buzzard-bait!"
The orc priest calls down the wrath of Beogh upon you.
Beogh smites you!
You die...

....... .....##
. .....#. ..
.....+( .5.
.....#W
...g######)...#
..............#
#..g..)o....###
#....@..o......
###+###########


You could see a gnoll bouda, 2 orc priests, a gnoll (swift) and a white imp.

Vanquished Creatures
  Sigmund (D:2)
  An ogre (D:4)
  A centaur (D:3)
  A hound (D:3)
  Crazy Yiuf (D:2)
  An orc wizard (D:5)
  Natasha (D:3)
  A gnoll (D:5)
  5 adders
  A white imp (D:5)
  A worm (D:2)
  A dart slug (D:2)
  6 orcs
  9 endoplasms
  2 giant cockroaches
  2 goblins
  3 hobgoblins
  3 jackals
  2 quokkas (D:1)
  5 ball pythons
  7 bats
  6 kobolds
  6 rats
67 creatures vanquished.

Notes
Turn   | Place    | Note
-------+----------+-------------------------------------------
     0 | D:1      | eliilek the Minotaur Fighter began the quest for the Orb.
     0 | D:1      | Reached XP level 1. HP: 19/19 MP: 0/0
   168 | D:1      | Reached XP level 2. HP: 26/27 MP: 1/1
   422 | D:1      | Reached skill level 4 in Shields
   881 | D:2      | Noticed Sigmund
   905 | D:2      | Killed Sigmund
   906 | D:2      | Reached skill level 5 in Shields
   906 | D:2      | Reached XP level 3. HP: 16/34 MP: 2/2
   906 | D:2      | Reached XP level 4. HP: 20/41 MP: 3/3
   906 | D:2      | Reached XP level 5. HP: 23/47 MP: 4/4
  1628 | D:2      | Found a runed translucent door.
  1629 | D:2      | Noticed Crazy Yiuf
  1635 | D:2      | Killed Crazy Yiuf
  1771 | D:3      | Noticed a centaur
  1785 | D:3      | Killed a centaur
  1786 | D:3      | Reached skill level 5 in Maces & Flails
  1786 | D:3      | Reached XP level 6. HP: 45/55 MP: 5/5
  2253 | D:3      | Noticed Natasha
  2259 | D:3      | Killed Natasha
  2485 | D:4      | Reached skill level 6 in Shields
  2705 | D:4      | Reached skill level 5 in Fighting
  2705 | D:4      | Reached skill level 5 in Armour
  3703 | D:5      | Entered Level 5 of the Dungeon
  3724 | D:5      | Found a runed translucent door.
  3725 | D:5      | Noticed laqueoix's ghost (novice DsGl)
  3729 | D:5      | Reached XP level 7. HP: 51/61 MP: 6/6
  3796 | D:5      | Killed from afar by an orc priest

Illustrated notes

Levels and vault maps discovered:
D:1:      ncdulo_lavacross, layout_loops_cross, serial_aquarium,
          aquarium_bridge_island_small [aquarium_subvault_small_open,
          aquarium_subvault_bridge, aquarium_subvault_bridge,
          aquarium_subvault_bridge, aquarium_subvault_wall],
          aquarium_bridge_square [aquarium_subvault_window,
          aquarium_subvault_bridge, aquarium_subvault_bridge,
          aquarium_subvault_bridge], aquarium_window_fake, aquarium_window_1,
          aquarium_view_2c, aquarium_view_2f, aquarium_pool_2, chequers_jeans,
          hex_medium, dreamdust_princess_bridge, patterned_corridor
D:2:      layout_basic, uniq_crazy_yiuf_cottage, uniq_sigmund
D:3:      cheibrodos_old_hovel, layout_basic, chequers_serial_rivers_small_b,
          dreamdust_princess_corridor, serial_bayou_pond_b, uniq_natasha
D:4:      layout_loops_ring, serial_forest, infiniplex_forest_lined_ring,
          infiniplex_forest_clump_double, infiniplex_forest_corner_1,
          infiniplex_forest_lined_ring, kennysheep_generic_room_9
D:5:      layout_basic, gammafunk_ghost_grave

Skill      XL: |  1  2  3  4  5  6 |
---------------+-------------------+-----
Shields        | 5 6 |  6.4
Maces & Flails | 4 5 |  5.6
Fighting       | 4 5 |  5.1
Armour         | 4 5 |  5.1

Action                     |  1- 3 |  4- 6 |  7- 9 || total
---------------------------+-------+-------+-------++-------
  Melee: Flail             |    43 |   105 |     8 ||   156
         Headbutt          |     8 |    20 |     2 ||    30
    Use: Potion            |     1 |       |       ||     1
         Scroll            |       |     2 |       ||     2
 Armour: Scale mail        |    19 |    39 |     2 ||    60
  Dodge: Dodged            |    15 |    45 |     2 ||    62
  Block: Buckler           |     9 |    21 |     2 ||    32
